 Dungeon Crawl Stone Soup version 0.30.1-4-g462c640d31 (webtiles) character file.

Game seed: 4738643147175063456

221261 booth the Severer (level 18, -2/152 HPs)
             Began as a Demonspawn Fighter on Aug 21, 2023.
             Was the Champion of Okawaru.
             Slain by a thrashing horror (5 damage)
             ... summoned by Mlioglotl
             ... on level 3 of the Swamp on Aug 23, 2023.
             The game lasted 04:18:44 (33498 turns).

booth the Severer (Demonspawn Fighter)             Turns: 33498, Time: 04:18:44

Health: -2/152     AC: 29    Str: 31    XL:     18   Next: 50%
Magic:  24/24      EV: 19    Int:  6    God:    Okawaru [******]
Gold:   2098       SH:  0    Dex: 23    Spells: 17/17 levels left

rFire   + + +        D - +4 battleaxe "Feapasch" {drain, +Blink rPois Stlth-}
rCold   + . .        (shield currently unavailable)
rNeg    . . .        l - +2 plate armour {rC+}
rPois   +            (helmet unavailable)
rElec   .            Y - +1 cloak of Fun and Games {rF++ Int-4 Dex+3 SInv}
rCorr   .            J - +2 pair of gloves {Stlth+}
SInv    +            O - +2 pair of boots of the Beginning {rF+ Str+3 Dex+5 SInv}
Will    +....        A - amulet of regeneration Stlth
                     W - ring of see invisible
HPRegen 1.25/turn    M - +6 ring of strength
MPRegen 0.19/turn

%: no passive effects
@: mighty, agile, afraid, on blink cooldown, slowed, studying Invocations, very
slow
A: horns 3, molten scales 3, ignite blood 2, powered by pain 2
}: 1/15 runes: serpentine
a: Renounce Religion, Evoke Blink, Heroism, Finesse, Duel


You were on level 3 of the Swamp.
You worshipped Okawaru.
Okawaru was exalted by your worship.
You visited 6 branches of the dungeon, and saw 30 of its levels.
You visited the Abyss 1 time.
You visited 1 bazaar.
You also visited: Ice Cave.

You collected 4384 gold pieces.
You spent 2286 gold pieces at shops.

Inventory:

Hand Weapons
 o - the +10 war axe of the Dragonfly {flame, Str+3}
   (You found it on level 2 of the Dungeon)

   Str:       It affects your strength (+3).
 D - the +4 battleaxe "Feapasch" (weapon) {drain, +Blink rPois Stlth-}
   (Okawaru gifted it to you on level 12 of the Dungeon)

   rPois:     It protects you from poison.
   +Blink:    It lets you blink.
   Stlth:     It makes you less stealthy.
 R - a +6 executioner's axe of electrocution
 X - the +7 broad axe of the Wasteland {antimagic, *Slow rC+ rCorr Str+3}
   (You found it on level 3 of the Lair of Beasts)

   Str:       It affects your strength (+3).
   rC:        It protects you from cold.
   rCorr:     It protects you from acid and corrosion.
   *Slow:     It may slow you when you take damage.
Missiles
 j - 59 poisoned darts (quivered)
 r - 25 boomerangs
 y - 12 curare-tipped darts
 G - 7 datura-tipped darts
 L - 4 silver javelins
 P - 2 javelins
 T - 5 boomerangs of dispersal
Armour
 l - a +2 plate armour of cold resistance (worn)
 w - a +2 cloak of poison resistance
 J - a +2 pair of gloves of stealth (worn)
 O - the +2 pair of boots of the Beginning (worn) {rF+ Str+3 Dex+5 SInv}
   (Okawaru gifted it to you on level 2 of the Snake Pit)

   Str:       It affects your strength (+3).
   Dex:       It affects your dexterity (+5).
   rF:        It protects you from fire.
   SInv:      It lets you see invisible.
 Y - the +1 cloak of Fun and Games (worn) {rF++ Int-4 Dex+3 SInv}
   (Okawaru gifted it to you on level 15 of the Dungeon)

   Int:       It affects your intelligence (-4).
   Dex:       It affects your dexterity (+3).
   rF:        It greatly protects you from fire.
   SInv:      It lets you see invisible.
Jewellery
 A - an amulet of regeneration (around neck)
 C - an amulet of reflection
 F - a ring of flight
 M - a +6 ring of strength (right hand)
 W - a ring of see invisible (left hand)
Wands
 c - a wand of polymorph (7)
 i - a wand of digging (10)
 k - a wand of mindburst (40)
 x - a wand of roots (29)
 K - a wand of flame (19)
 Q - a wand of acid (18)
Scrolls
 b - 7 scrolls of poison
 e - 2 scrolls of fog
 f - 13 scrolls of teleportation
 m - 3 scrolls of silence
 u - 7 scrolls of magic mapping
 B - a scroll of blinking
 H - 4 scrolls of amnesia
 I - 11 scrolls of identify
 U - 5 scrolls of fear
Potions
 a - 7 potions of attraction
 d - 5 potions of might
 g - 5 potions of magic
 h - 4 potions of flight
 n - 2 potions of cancellation
 p - 4 potions of brilliance
 q - 2 potions of resistance
 s - 25 potions of curing
 t - 2 potions of berserk rage
 v - 4 potions of lignification
 z - 4 potions of heal wounds
 E - 3 potions of haste
 S - a potion of ambrosia
 Z - a potion of invisibility
Miscellaneous
 N - a lightning rod (4/4)
 V - a phial of floods


   Skills:
 + Level 16.3 Fighting
 * Level 18.7 Axes
 + Level 14.3 Throwing
 + Level 9.5 Armour
 + Level 8.6 Dodging
 + Level 9.3 Stealth
 - Level 4.2 Shields
 + Level 9.2 Invocations


You had 17 spell levels left.
You didn't know any spells.
Your spell library contained the following spells:

 Spells                   Type           Power      Damage    Failure   Level
 Magic Dart               Conj           0%         1d3       98%         1
 Necrotise                Necr           0%         1d4       98%         1
 Sting                    Tmut/Pois      0%         1d3       98%         1
 Cigotuvi's Dreadful Rot  Necr/Pois/Air  0%         N/A       99%         2
 Poisonous Vapours        Pois/Air       0%         N/A       99%         2
 Frozen Ramparts          Ice            0%         1d1       100%        3
 Vampiric Draining        Necr           0%         2d6       100%        3
 Dispel Undead            Necr           0%         3d6       100%        4
 Leda's Liquefaction      Hex/Erth       0%         N/A       100%        4
 Olgreb's Toxic Radiance  Pois           0%         N/A       100%        4
 Petrify                  Tmut/Erth      0%         N/A       100%        4
 Agony                    Necr           0%         N/A       100%        5
 Blade Hands              Tmut           0%         N/A       100%        5
 Borgnjor's Vile Clutch   Necr/Erth      0%         N/A       100%        5
 Fireball                 Conj/Fire      0%         3d3       100%        5
 Iskenderun's Battlesphe  Conj           0%         2d6       100%        5
 Lee's Rapid Deconstruct  Erth           0%         3d4*      100%        5
 Metabolic Englaciation   Hex/Ice        0%         N/A       100%        5
 Conjure Ball Lightning   Conj/Air       0%         3x3d6     100%        6
 Iron Shot                Conj/Erth      0%         9d1       100%        6
 Statue Form              Tmut/Erth      0%         N/A       100%        6
 Dragon Form              Tmut           0%         N/A       100%        7
 Orb of Destruction       Conj           0%         9d5       100%        7
 Necromutation            Tmut/Necr      0%         N/A       100%        8
 Animate Armour           Summ/Erth      Unusable   N/A       N/A         4
 Animate Dead             Necr           Unusable   N/A       N/A         4
 Summon Ice Beast         Ice/Summ       Unusable   N/A       N/A         4
 Death Channel            Necr           Unusable   N/A       N/A         6
 Spellforged Servitor     Conj/Summ      Unusable   N/A       N/A         7

Dungeon Overview and Level Annotations

Branches:
Dungeon (15/15)            Temple (1/1) D:5            Lair (5/5) D:9
  Swamp (3/4) Lair:3        Snake (4/4) Lair:3        Slime (0/5) Lair:4
    Orc (2/2) D:10            Elf (0/3) Orc:2        Vaults (0/5) D:13
 Depths (0/4) D:15          IceCv (visited)

Altars:
Ashenzari
Cheibriados
Dithmenos
Fedhas
Gozag
Hepliaklqana
Kikubaaqudgha
Makhleb
Nemelex Xobeh
Okawaru
Qazlal
Ru
Sif Muna
Trog
Uskayaw
Vehumet
Wu Jian
Xom
Yredelemnul
Jiyva

Shops:
D:4 ?   D:8 :!   Orc:2 !([[[   Snake:3 :

Annotations:
D:12 1 runed translucent door
Swamp:3 Mlioglotl
Orc:1 1 runed translucent door, hilljack's ghost, journeyman NaIE


Innate Abilities, Weirdness & Mutations

You have a pair of large horns on your head.
You are completely covered in molten scales. (AC +4, rF+)
Your demonic aura often causes spilled blood to erupt in flames.
You sometimes gain power by taking damage.


Message History

The spriggan dies!
You feel much better.
You are no longer corroded.
The fire bat is engulfed in spectral mist.
The thrashing horror is engulfed in spectral mist.
The fire bat is engulfed in spectral mist.
The thrashing horror is engulfed in spectral mist.
The thrashing horror misses you. x2; Mlioglotl hits you!
* * * LOW HITPOINT WARNING * * *
You focus on the pain.
You feel mightier all of a sudden.
Mlioglotl tramples you but does no damage.
The neqoxec barely misses you.
The thrashing horror is engulfed in spectral mist.
The thrashing horror closely misses you. x2
The raiju falls through a shaft!
The shaft crumbles and collapses.
The small abomination hits you.
* * * LOW HITPOINT WARNING * * *
The raiju bursts into living lightning!
The living lightning hits the small abomination!
The living lightning misses you.
The raiju blinks!
Mlioglotl hits you!
* * * LOW HITPOINT WARNING * * *
Mlioglotl tramples you!!
* * * LOW HITPOINT WARNING * * *
You hold your ground!
The hornet is engulfed in spectral mist.
You blink.
Splash!
You fall into the shallow water.
Moving in this stuff is going to be slow.
Found a scroll of brand weapon.
The swamp worm barely misses you.
The raiju is engulfed in spectral mist.
The thrashing horror tramples you but does no damage.
The thrashing horror closely misses you.
The swamp worm misses you.
The small abomination hits you but does no damage.
The raiju is engulfed in blazing flames.
The thrashing horror attacks as you move away!
The thrashing horror tramples you.
You die...

~...♣♣~~.§♣.~
♣°.♣......~....
♣~<°°.°♣~#..... ~.
♣♣.°.♣♣♣~..~~..
~~..♣.[†.)°~..§~...
♣.~.~~~.by~....~~#~
♣♣♣~...†°Xw3..~...~
♣~......hwX....~~~
♣.~.~...~.x@..x..~~
.♣.~.~♣..~.~..~~~..
♣........~..~......
..§.....~........~.
~§..~:.....§..~....
...~...~~.~~..~§..
~~..~~~~~~.♣♣♣♣
§..~..~.?..♣


You could see Mlioglotl (strong, scary), a tyrant leech, a thrashing horror
(summoned), a raiju (summoned), a swamp worm, a hornet, a neqoxec (summoned), 2
small abominations and a fire bat (summoned).

Vanquished Creatures
  A tentacled monstrosity (Swamp:2)
  Jorgrun (Snake:1)
  Asterion (Snake:1)
  Frances (Swamp:1)
  Gastronok (Lair:1)
  A thorn hunter (Swamp:1)
  Agnes (Snake:4)
  Roxanne (Swamp:2)
  2 nagarajas
  2 fenstrider witches
  Aizul (Snake:1)
  A balrug (Abyss:3)
  Louise (Snake:3)
  2 ghouls (Swamp:2)
  A reaper (IceCv)
  A stone giant (Orc:1)
  5 eleionomae
  9 bunyips
  A dire elephant (Lair:5)
  3 ettins (Orc:1)
  2 fire dragons
  2 spriggan zombies
  4 vault guards (D:13)
  2 catoblepae (Lair:5)
  10 hydras
  Erica (D:8)
  An ogre mage (D:15)
  4 salamander tyrants (Snake:4)
  6 anacondas
  A ghost crab (Swamp:2)
  3 boulder beetles
  6 centaur warriors
  A satyr (Abyss:3)
  13 alligators
  8 death yaks (Lair:5)
  10 two-headed ogres
  9 naga sharpshooters
  A titan zombie (D:15)
  12 naga warriors
  3 orc high priests (Orc:2)
  8 spriggans (Swamp:2)
  2 tengu warriors (D:15)
  3 shock serpents
  3 sun demons (Abyss:3)
  4 goliath frogs
  A sixfirhy (Abyss:3)
  A wretched star (Abyss:3)
  4 salamander mystics
  17 skeletal warriors
  A skyshark (Lair:5)
  4 spriggan druids
  An obsidian statue (Snake:3)
  4 swamp dragons
  3 wizards (D:14)
  9 bog bodies
  10 orc knights
  A phantasmal warrior (D:15)
  11 mana vipers
  4 naga ritualists
  3 lindwurms
  6 ugly things
  A necromancer (D:15)
  4 deep elf pyromancers
  7 orc sorcerers
  13 salamanders
  14 cyclopes
  A will-o-the-wisp (Swamp:2)
  16 elephants
  5 manticores
  A worldbinder (Abyss:3)
  A rust devil (Abyss:3)
  29 black mambas
  2 ice statues (IceCv)
  A torpor snail (Lair:5)
  A centaur zombie (D:11)
  16 naga magi
  A smoke demon (Abyss:3)
  An apocalypse crab (Abyss:3)
  2 guardian serpents
  11 cane toads
  6 komodo dragons
  A freezing wraith (D:15)
  A rime drake (shapeshifter) (D:14)
  A torpor snail (shapeshifter) (D:15)
  3 efreet
  A yaktaur (D:15)
  5 rime drakes
  6 ice devils (IceCv)
  2 unseen horrors
  An ancient zyme (Abyss:3)
  A tengu conjurer (D:13)
  A spriggan skeleton (D:15)
  8 trolls
  A queen bee (shapeshifter) (D:13)
  4 meliai
  2 large abominations (Abyss:3)
  Grinder (D:4)
  5 tyrant leeches
  A wind drake (shapeshifter) (D:14)
  5 polar bears
  8 hornets (Swamp:2)
  15 blink frogs
  6 raiju (Abyss:3)
  16 dream sheep
  Sigmund (D:4)
  11 slime creatures
  A centaur simulacrum (D:13)
  4 shadows
  51 yaks
  A vampire (D:11)
  3 wraiths
  A culicivora (shapeshifter) (D:13)
  A ynoxinul (Abyss:3)
  5 wyverns
  4 basilisks
  A chaos spawn (Abyss:3)
  7 steam dragons
  11 vampire mosquitoes
  A neqoxec (Abyss:3)
  2 death yak simulacra (IceCv)
  3 acid dragons
  Edmund (D:4)
  10 swamp worms
  11 wargs
  32 nagas
  16 water moccasins
  A swamp drake (Swamp:2)
  28 orc warriors
  2 black bears
  11 ogres
  16 wolves
  A centaur (D:12)
  9 starcursed masses
  A phantom (D:7)
  2 small abominations (Abyss:3)
  5 kobold brigands
  Blork the orc (D:5)
  A gnoll sergeant (Orc:2)
  14 bullfrogs
  3 scorpions
  4 cane toad simulacra (IceCv)
  A wight (D:7)
  3 killer bees (D:11)
  An elephant simulacrum (IceCv)
  A tengu skeleton (D:15)
  An electric eel (Lair:3)
  2 howler monkeys
  2 quasits (Abyss:3)
  A jelly (D:7)
  Crazy Yiuf (D:3)
  2 gnoll boudas
  4 hounds
  16 orc priests
  An iron imp (Abyss:3)
  6 iguanas
  39 orc wizards
  A polar bear simulacrum (IceCv)
  5 troll simulacra (IceCv)
  11 gnolls
  A naga simulacrum (IceCv)
  8 adders
  A shadow imp (D:5)
  18 white imps
  5 ufetubi
  A worm (D:4)
  2 dart slugs
  61 orcs
  8 endoplasms
  A giant cockroach (D:2)
  8 goblins
  9 hobgoblins
  8 jackals
  5 quokkas
  5 ball pythons
  8 bats
  3 frilled lizards
  16 kobolds
  5 rats
  A starspawn tentacle (Swamp:3)
1013 creatures vanquished.

Vanquished Creatures (collateral kills)
  An orc (D:10)
1 creature vanquished.

Vanquished Creatures (others)
  A ghost crab (Swamp:3)
  A wizard (D:11)
  A naga mage (Snake:4)
  2 bloated husks
  A spriggan (Swamp:3)
  An orc priest (D:10)
  A white imp (D:7)
  2 orcs (D:10)
  A lurking horror (Abyss:3)
  A starspawn tentacle (Swamp:3)
12 creatures vanquished.

Grand Total: 1026 creatures vanquished

Notes
Turn   | Place    | Note
-------+----------+-------------------------------------------
     0 | D:1      | booth the Demonspawn Fighter began the quest for the Orb.
     0 | D:1      | Reached XP level 1. HP: 18/18 MP: 1/1
    53 | D:1      | Reached skill level 2 in Axes
    68 | D:1      | Gained mutation: You are partially covered in molten
                  | scales. (AC +2) [demonic ancestry]
    68 | D:1      | Reached XP level 2. HP: 24/24 MP: 2/2
   639 | D:1      | Gained mutation: You are mostly covered in molten scales.
                  | (AC +3) [demonic ancestry]
   639 | D:1      | Reached XP level 3. HP: 24/29 MP: 3/3
  1254 | D:2      | Identified the +10 war axe of the Dragonfly {flame, Str+3}
  1688 | D:2      | Gained mutation: You are completely covered in molten
                  | scales. (AC +4, rF+) [demonic ancestry]
  1688 | D:2      | Reached XP level 4. HP: 35/35 MP: 4/4
  2027 | D:3      | Reached skill level 3 in Axes
  2065 | D:3      | Found a sparkling altar of Nemelex Xobeh.
  2351 | D:3      | Found a runed translucent door.
  2352 | D:3      | Noticed Crazy Yiuf
  2684 | D:3      | Killed Crazy Yiuf
  2685 | D:3      | Gained mutation: You sometimes gain a little power by
                  | taking damage. [demonic ancestry]
  2685 | D:3      | Reached XP level 5. HP: 42/42 MP: 5/5
  2748 | D:4      | Found Fejiasis's Magic Scroll Boutique.
  2752 | D:4      | Noticed Grinder
  2752 | D:4      | Paralysed by Grinder for 2 turns
  2769 | D:4      | Killed Grinder
  2770 | D:4      | Reached skill level 4 in Axes
  2770 | D:4      | Gained mutation: You have a pair of small horns on your
                  | head. [demonic ancestry]
  2770 | D:4      | Reached XP level 6. HP: 41/48 MP: 6/6
  2779 | D:4      | Bought 2 scrolls of identify for 40 gold pieces
  2779 | D:4      | Bought a scroll of enchant armour for 75 gold pieces
  2779 | D:4      | Bought a scroll of identify for 20 gold pieces
  2938 | D:4      | Noticed Sigmund
  2943 | D:4      | Killed Sigmund
  2944 | D:4      | Reached XP level 7. HP: 52/55 MP: 7/7
  3020 | D:4      | Noticed Edmund
  3031 | D:4      | Killed Edmund
  3185 | D:4      | Reached skill level 5 in Axes
  3415 | D:4      | Identified the +0 robe of Bony {rC+ Regen+ SInv}
  3674 | D:5      | Entered Level 5 of the Dungeon
  3679 | D:5      | Noticed Blork the orc
  3686 | D:5      | Killed Blork the orc
  3902 | D:5      | Found a staircase to the Ecumenical Temple.
  3913 | Temple   | Entered the Ecumenical Temple
  4192 | Temple   | Became a worshipper of Warmaster Okawaru
  4357 | D:5      | Reached skill level 5 in Fighting
  4413 | D:5      | Reached skill level 1 in Throwing
  4495 | D:5      | Reached XP level 8. HP: 56/62 MP: 8/8
  4575 | D:5      | Reached skill level 6 in Axes
  5226 | D:6      | Reached * piety under Okawaru
  5313 | D:6      | Found a burning altar of Makhleb.
  5317 | D:6      | Found a bloodstained altar of Trog.
  5337 | D:6      | Found a stormy altar of Qazlal.
  5626 | D:6      | Reached skill level 7 in Axes
  6122 | D:7      | Identified the +1 dagger of Yredelemnul's Favour {freeze,
                  | rF++ MP-9 Str+5}
  6320 | D:7      | Reached ** piety under Okawaru
  6811 | D:7      | Gained mutation: Your demonic aura sometimes causes spilled
                  | blood to erupt in flames. [demonic ancestry]
  6811 | D:7      | Reached XP level 9. HP: 70/70 MP: 9/9
  6835 | D:7      | Reached skill level 8 in Axes
  7001 | D:4      | Bought a scroll of identify for 20 gold pieces
  7001 | D:4      | Bought a scroll of identify for 20 gold pieces
  7001 | D:4      | Identified a scroll of acquirement
  7018 | D:4      | Acquired 623 gold pieces
  7164 | D:8      | Reached *** piety under Okawaru
  7172 | D:8      | Noticed Erica
  7181 | D:8      | Killed Erica
  7181 | D:8      | Received a gift from Okawaru
  7182 | D:8      | Reached skill level 9 in Axes
  7182 | D:8      | Reached skill level 5 in Throwing
  7184 | D:8      | Gained mutation: You have a pair of horns on your head.
                  | [demonic ancestry]
  7184 | D:8      | Reached XP level 10. HP: 79/80 MP: 10/10
  7201 | D:8      | Reached **** piety under Okawaru
  7216 | D:8      | Found Fatruluh's Distillery.
  7261 | D:8      | Bought a potion of curing for 48 gold pieces
  7261 | D:8      | Bought 2 potions of heal wounds for 160 gold pieces
  7261 | D:8      | Bought a potion of curing for 48 gold pieces
  7261 | D:8      | Bought a potion of curing for 48 gold pieces
  7261 | D:8      | Bought a potion of heal wounds for 80 gold pieces
  7261 | D:8      | Bought a potion of heal wounds for 80 gold pieces
  7391 | D:8      | Identified the staff of poison "Neih" {rPois rN+ Str+2
                  | Int+3}
  7433 | D:8      | Found a sacrificial altar of Ru.
  7514 | D:8      | Found Feosacvu's Book Boutique.
  7914 | D:9      | Found a staircase to the Lair.
  8144 | D:9      | Noticed a two-headed ogre
  8540 | D:9      | Reached skill level 10 in Axes
  9099 | D:10     | Entered Level 10 of the Dungeon
  9315 | D:10     | Received a gift from Okawaru
  9413 | D:10     | Received a gift from Okawaru
  9422 | D:10     | Noticed a two-headed ogre
  9438 | D:10     | Killed a two-headed ogre
  9438 | D:10     | Received a gift from Okawaru
  9489 | D:10     | Reached skill level 11 in Axes
  9495 | D:10     | Found a staircase to the Orcish Mines.
  9579 | D:10     | Reached ***** piety under Okawaru
  9580 | D:10     | Reached XP level 11. HP: 71/87 MP: 11/11
  9734 | D:10     | Noticed a boulder beetle
  9736 | D:10     | Noticed a two-headed ogre
  9749 | D:10     | Killed a two-headed ogre
  9754 | D:10     | Killed a boulder beetle
 10098 | Lair:1   | Entered Level 1 of the Lair of Beasts
 10195 | Lair:1   | Received a gift from Okawaru
 10667 | Lair:1   | Noticed Gastronok
 10679 | Lair:1   | Killed Gastronok
 10679 | Lair:1   | Received a gift from Okawaru
 10834 | Lair:1   | Reached skill level 12 in Axes
 11105 | Lair:2   | Noticed a lindwurm
 11113 | Lair:2   | Killed a lindwurm
 11293 | Lair:2   | Reached skill level 10 in Fighting
 11434 | Lair:2   | Noticed a seven-headed hydra
 11443 | Lair:2   | Killed a five-headed hydra
 11444 | Lair:2   | Gained mutation: You sometimes gain power by taking damage.
                  | [demonic ancestry]
 11444 | Lair:2   | Reached XP level 12. HP: 84/97 MP: 12/12
 11525 | Lair:2   | Noticed a six-headed hydra
 11530 | Lair:2   | Received a gift from Okawaru
 11541 | Lair:2   | Killed a three-headed hydra
 11609 | Lair:2   | Reached skill level 13 in Axes
 12027 | Lair:3   | Noticed a seven-headed hydra
 12037 | Lair:3   | Killed a four-headed hydra
 12182 | Lair:3   | Noticed a boulder beetle
 12203 | Lair:3   | Killed a boulder beetle
 12246 | Lair:3   | Found a staircase to the Swamp.
 12413 | Lair:3   | Identified the +7 broad axe of the Wasteland {antimagic,
                  | *Slow rC+ rCorr Str+3}
 12508 | Lair:3   | Reached skill level 14 in Axes
 12514 | Lair:3   | Identified the +2 robe of the Distant Future {rElec rN+
                  | Will+} (Okawaru gifted it to you on level 3 of the Lair of
                  | Beasts)
 12514 | Lair:3   | Received a gift from Okawaru
 12900 | Lair:3   | Found a staircase to the Snake Pit.
 13310 | Lair:4   | Reached XP level 13. HP: 106/106 MP: 13/13
 13658 | Lair:4   | Reached ****** piety under Okawaru
 13742 | Lair:4   | Found a staircase to the Slime Pits.
 13742 | Lair:4   | Found a viscous altar of Jiyva.
 13997 | Lair:5   | Entered Level 5 of the Lair of Beasts
 14004 | Lair:5   | Reached skill level 10 in Throwing
 14093 | Lair:5   | Reached skill level 15 in Axes
 14371 | Lair:5   | Noticed a fire dragon
 14386 | Lair:5   | Killed a fire dragon
 14386 | Lair:5   | Received a gift from Okawaru
 14672 | Lair:5   | Identified the +5 chain mail of the Eight Boll Weevils
                  | {Will+ rCorr} (Okawaru gifted it to you on level 5 of the
                  | Lair of Beasts)
 14672 | Lair:5   | Received a gift from Okawaru
 14803 | Lair:5   | Reached XP level 14. HP: 81/116 MP: 14/14
 15008 | Lair:5   | Reached skill level 16 in Axes
 15623 | Orc:1    | Entered Level 1 of the Orcish Mines
 15632 | Orc:1    | Received a gift from Okawaru
 15746 | Orc:1    | Found a runed translucent door.
 15754 | Orc:1    | Noticed hilljack's ghost (journeyman NaIE)
 15923 | Orc:1    | Received a gift from Okawaru
 16028 | Orc:1    | Found an iron altar of Okawaru.
 16265 | Orc:1    | Reached skill level 1 in Stealth
 16379 | Orc:1    | Reached skill level 1 in Dodging
 16506 | Orc:1    | Noticed a stone giant
 16512 | Orc:1    | Identified the -1 hat of Recklessness {rC++ Dex-4} (Okawaru
                  | gifted it to you on level 1 of the Orcish Mines)
 16512 | Orc:1    | Received a gift from Okawaru
 16526 | Orc:1    | Killed a stone giant
 16527 | Orc:1    | Reached skill level 5 in Armour
 16557 | Orc:1    | Identified the +6 quarterstaff of the Endless March {heavy,
                  | Str+3 SInv}
 16560 | Orc:1    | Identified the +4 short sword of Mumojef {freeze, rF+
                  | Int+5}
 16561 | Orc:1    | Identified the +9 dagger "Spider's Demise" {drain, Dex+2}
 16611 | Orc:1    | Got the Book of Wintry Destruction
 17198 | Orc:2    | Entered Level 2 of the Orcish Mines
 17287 | Orc:2    | Found a staircase to the Elven Halls.
 17364 | Orc:2    | Found Nivenn's Antique Armour Boutique.
 17866 | Orc:2    | Found Lyhuonynn's Distillery.
 17893 | Orc:2    | Reached XP level 15. HP: 83/126 MP: 15/15
 17900 | Orc:2    | Paralysed by an orc sorcerer for 3 turns
 17999 | Orc:2    | Found Weim's Antique Armour Shop.
 18006 | Orc:2    | Bought a potion of curing for 51 gold pieces
 18006 | Orc:2    | Bought a potion of heal wounds for 85 gold pieces
 18010 | Orc:2    | Found Saesyff's Antique Armour Shop.
 18013 | Orc:2    | Found Ephikin's Weapon Shoppe.
 18186 | Orc:2    | Received a gift from Okawaru
 19907 | D:12     | Received a gift from Okawaru
 20114 | D:12     | Identified the +4 battleaxe "Feapasch" {drain, +Blink rPois
                  | Stlth-} (Okawaru gifted it to you on level 12 of the
                  | Dungeon)
 20114 | D:12     | Received a gift from Okawaru
 20386 | D:12     | Found a runed translucent door.
 21087 | D:13     | Found a frozen archway.
 21110 | IceCv    | Entered an ice cave
 21200 | IceCv    | Reached skill level 5 in Stealth
 21700 | D:13     | Found a gate to the Vaults.
 21724 | D:13     | Identified the +8 triple sword of Okawaru's Condemnation
                  | {speed, rN+ Int+3 Dex+3} (Okawaru gifted it to you on level
                  | 13 of the Dungeon)
 21724 | D:13     | Received a gift from Okawaru
 21736 | D:13     | Reached skill level 5 in Dodging
 22879 | Abyss:3  | Cast into level 3 of the Abyss (a wizard)
 22888 | Abyss:3  | Found a corrupted altar of Lugonu.
 22959 | Abyss:3  | Gained mutation: You have a pair of large horns on your
                  | head. [demonic ancestry]
 22959 | Abyss:3  | Reached XP level 16. HP: 134/134 MP: 16/16
 23036 | Abyss:3  | Found a corrupted altar of Lugonu.
 23107 | Abyss:3  | Identified the +2 dagger "Soupleodgh" {protect, Str+6}
                  | (Okawaru gifted it to you on level 3 of the Abyss)
 23107 | Abyss:3  | Received a gift from Okawaru
 23279 | Abyss:3  | Reached skill level 15 in Fighting
 23300 | Abyss:3  | Paralysed by accursed screaming for 1 turns
 23320 | D:14     | Escaped the Abyss
 24358 | D:15     | Entered Level 15 of the Dungeon
 24413 | D:15     | Found a basalt altar of Yredelemnul.
 24787 | D:15     | Reached skill level 17 in Axes
 24969 | D:15     | Identified the +1 cloak of Fun and Games {rF++ Int-4 Dex+3
                  | SInv} (Okawaru gifted it to you on level 15 of the Dungeon)
 24969 | D:15     | Received a gift from Okawaru
 25223 | D:15     | Found a staircase to the Depths.
 25732 | Snake:1  | Entered Level 1 of the Snake Pit
 26107 | Snake:1  | Noticed Jorgrun
 26130 | Snake:1  | Killed Jorgrun
 26526 | Snake:1  | Noticed Asterion
 26534 | Snake:1  | Killed Asterion
 26768 | Snake:1  | Noticed Aizul
 26786 | Snake:1  | Killed Aizul
 27213 | Snake:2  | Found a sparkling altar of Nemelex Xobeh.
 28037 | Snake:2  | Identified the +2 pair of boots of the Beginning {rF+ Str+3
                  | Dex+5 SInv} (Okawaru gifted it to you on level 2 of the
                  | Snake Pit)
 28037 | Snake:2  | Received a gift from Okawaru
 28204 | Snake:3  | Gained mutation: Your demonic aura often causes spilled
                  | blood to erupt in flames. [demonic ancestry]
 28204 | Snake:3  | Reached XP level 17. HP: 133/142 MP: 17/17
 28563 | Snake:3  | Identified the +3 scale mail of Gudiptag {Regen+ Int+3
                  | Dex+3}
 28706 | Snake:3  | Found Cuotaqaj's Vocational Training.
 28722 | Snake:3  | Identified the +0 tower shield of Lethargy {Int+2}
 28722 | Snake:3  | Noticed Louise
 28744 | Snake:3  | Killed Louise
 28776 | Snake:3  | Bought a manual of Invocations for 1360 gold pieces
 28802 | Snake:3  | Found a gateway to a bazaar.
 28815 | Bazaar   | Entered a bazaar
 28817 | Bazaar   | Found Xiotudol's Distillery.
 28821 | Bazaar   | Found Kiecucre's Antique Weapon Boutique.
 28821 | Bazaar   | Found Hirchouke's Distillery.
 28821 | Bazaar   | Found Naulus's Assorted Antiques.
 28860 | Bazaar   | Bought a potion of heal wounds for 35 gold pieces
 28860 | Bazaar   | Bought a potion of heal wounds for 35 gold pieces
 28884 | Bazaar   | Bought a potion of curing for 27 gold pieces
 28884 | Bazaar   | Bought a potion of curing for 27 gold pieces
 28884 | Bazaar   | Bought a potion of curing for 27 gold pieces
 29007 | Snake:4  | Entered Level 4 of the Snake Pit
 29049 | Snake:4  | Reached skill level 1 in Invocations
 29421 | Snake:4  | Received a gift from Okawaru
 29598 | Snake:4  | Identified the scarf of the Gate {harm, +Blink rF+}
                  | (Okawaru gifted it to you on level 4 of the Snake Pit)
 29598 | Snake:4  | Received a gift from Okawaru
 29668 | Snake:4  | Reached skill level 18 in Axes
 29787 | Snake:4  | Reached skill level 5 in Invocations
 29817 | Snake:4  | Got a serpentine rune of Zot
 30226 | Snake:4  | Noticed Agnes
 30236 | Snake:4  | Killed Agnes
 31032 | Swamp:1  | Entered Level 1 of the Swamp
 31348 | Swamp:1  | Noticed Frances
 31369 | Swamp:1  | Killed Frances
 31579 | Swamp:1  | Received a gift from Okawaru
 31733 | Swamp:1  | Reached XP level 18. HP: 122/151 MP: 23/23
 32245 | Swamp:2  | Identified the +0 chain mail of Zin's Delight {Harm rC+
                  | Regen+ Str+3}
 32392 | Swamp:2  | Noticed Roxanne
 32416 | Swamp:2  | Killed Roxanne
 32495 | Swamp:2  | Got the Grimoire of Breccia and Evolution
 32620 | Swamp:2  | Received a gift from Okawaru
 32776 | Swamp:2  | Noticed a tentacled monstrosity
 32787 | Swamp:2  | Killed a tentacled monstrosity
 32932 | Swamp:2  | Identified the staff of poison "Wisilul" {rElec rPois Str+2
                  | Dex-5}
 33487 | Swamp:3  | Noticed Mlioglotl
 33496 | Swamp:3  | HP: 1/152 [Mlioglotl (18)]
 33498 | Swamp:3  | Slain by a thrashing horror

Illustrated notes

Levels and vault maps discovered:
D:1:      matt_arrival_los_fun, layout_basic, serial_bayou_pond_c
D:2:      layout_loops_ring
D:3:      layout_rooms, nemelex_altar_shiori, minmay_fountain_box,
          uniq_crazy_yiuf_cottage
D:4:      minmay_general_purpose_star, layout_basic, serial_shops, shop,
          supply_closet_lemuel, uniq_edmund, uniq_sigmund, uniq_grinder
D:5:      nicolae_cairo_tiling, layout_layer_cave, kennysheep_generic_room_13,
          uniq_blork_the_orc
D:6:      layout_basic, grunt_temple_overflow_cloverleaf
D:7:      layout_basic, minmay_joined_circles
D:8:      layout_rooms, nicolae_ru_great_annihilating_truth, serial_shops, shop,
          shop, uniq_erica
D:9:      minmay_goldmine, layout_basic, lair_entry_dummy,
          nicolae_fountain_basement
D:10:     layout_long_grid, david_orc_3, nzn_sisyphean_effort
D:11:     layout_gridville, gauntlet_entry_generic, serial_undead,
          serial_undead_a, serial_undead_c, serial_undead_e, serial_undead_c,
          minmay_shattered_shrine
D:12:     layout_basic, nicolae_danse_macabre
D:13:     layout_cave_pods, lightli_vaults_fourway_checkpoint, serial_ice,
          serial_ice_b, serial_ice_e, serial_ice_g, serial_ice_m,
          portal_ice_cave_entry_imps
D:14:     layout_grid_maze, reono_crystal_passage, chequers_avenue
D:15:     gammafunk_depths_entry_grave, layout_cave_pools,
          yredelemnul_altar_generic
Temple:   nicolae_temple_slightly_damp_pantheon
Lair:1:   layout_cave_pods, uniq_gastronok
Lair:2:   layout_gridlike, nzn_random_ring
Lair:3:   layout_gridlike, nicolae_swamp_entry_splash_gauntlet,
          nicolae_snake_entry_squirm, fungi_pond_lemuel, lemuel_fruit_tree
Lair:4:   layout_misc_corridors, slime_entry_1, st_stairs_3
Lair:5:   guppyfry_lair_end_dragon, layout_cellular_growth,
          hangedman_lair_in_review, chequers_serial_rivers_small_a,
          st_stairs_10, evilmike_ambush [evilmike_ambush_outer_pillars,
          evilmike_ambush_inner_pond]
Swamp:1:  layout_falls_marsh, nicolae_swamp_small_spring, swamp_pool1,
          hangedman_swamp_grove, infiniplex_staircase_pool_2, uniq_frances
Swamp:2:  nzn_winding_woodlands_cross [nzn_winding_woodlands_5x15_split_checker,
          nzn_winding_woodlands_5x15_crooked,
          nzn_winding_woodlands_5x15_concentric,
          nzn_winding_woodlands_5x15_twine,
          nzn_winding_woodlands_15x15_five_gardens], layout_basic_swamp,
          serial_swamp_ruin, evilmike_swamp_ruin_house_4,
          evilmike_swamp_ruin_house_1, infiniplex_staircase_pool, uniq_roxanne
Swamp:3:  dpeg_oklob_gauntlet, layout_basic_swamp,
          nicolae_swamp_ascending_descending, uniq_kirke, uniq_mlioglotl
Snake:1:  layout_chambers, grunt_ministairs_8, drop_trap, uniq_asterion,
          uniq_aizul, uniq_jorgrun
Snake:2:  layout_misc_corridors, basic_altar, drop_trap, corexii_hall_statues_l
Snake:3:  layout_misc_corridors, serial_shops, statue_bzr, st_stairs_12,
          nicolae_shop_vocational, uniq_louise
Snake:4:  snake_pit, layout_chambers, uniq_agnes
Orc:1:    giant_chief_lemuel, layout_caves, hellmonk_ghost_happy_afterlife,
          okawaru_metal_pillars_1_2
Orc:2:    st_orc_elflike, layout_diamond_mine, serial_shops, shop

Skill      XL: |  1  2  3  4  5  6  7  8  9 10 11 12 13 14 15 16 17 18 |
---------------+-------------------------------------------------------+-----
Axes           | 2 3 4 5 7 9 11 12 14 15 16 17 18 | 18.7
Armour         | 3 4 5 7 8 9 |  9.5
Shields        | 3 4 |  4.2
Fighting       | 4 5 6 7 8 10 11 12 14 15 16 | 16.3
Throwing       | 1 3 5 6 8 9 10 12 13 14 | 14.3
Stealth        | 3 5 7 8 9 |  9.3
Dodging        | 3 5 6 8 |  8.6
Invocations    | 7 9 |  9.2

Action                     |  1- 3 |  4- 6 |  7- 9 | 10-12 | 13-15 | 16-18 || total
---------------------------+-------+-------+-------+-------+-------+-------++-------
  Melee: War axe           |   107 |    41 |   162 |   357 |   923 |   186 ||  1776
         Headbutt          |       |     2 |    25 |    93 |   229 |   276 ||   625
         Battleaxe         |       |       |       |       |       |   696 ||   696
  Throw: Dart              |       |       |     8 |    13 |    26 |     6 ||    53
         Javelin           |       |       |       |     1 |     1 |     4 ||     6
         Boomerang         |       |       |       |       |       |    20 ||    20
 Invoke: Heroism           |       |       |       |       |     2 |    10 ||    12
         Finesse           |       |       |       |       |     1 |     1 ||     2
Ability: Evoke Blink       |       |       |       |       |       |     1 ||     1
  Evoke: Wand              |       |       |     1 |       |     5 |     1 ||     7
    Use: Scroll            |     3 |     6 |    13 |     6 |     7 |     6 ||    41
         Potion            |     2 |     4 |     1 |     2 |     4 |    17 ||    30
   Stab: Paralysed         |       |       |       |     1 |       |       ||     1
         Petrified         |       |       |       |       |     2 |       ||     2
         Distracted        |       |       |       |       |       |     2 ||     2
 Armour: Scale mail        |    47 |     9 |    81 |   100 |       |       ||   237
         Plate armour      |       |       |       |    82 |   464 |   534 ||  1080
  Dodge: Dodged            |    52 |    16 |    52 |    90 |   250 |   507 ||   967
  Block: Buckler           |    25 |     7 |    45 |    84 |   258 |    62 ||   481
